 Dungeon Crawl Stone Soup version 0.31-a0-1-g4198be8af4 (webtiles) character file.

Game seed: 1235558150595003213

1803 jasper the Magician (level 8, -8/58 HPs)
             Began as a Demonspawn Venom Mage on May 2, 2023.
             Was an Initiate of Cheibriados.
             Shot with a bolt by an orc warrior (14 damage)
             ... on level 7 of the Dungeon.
             The game lasted 00:10:15 (7237 turns).

jasper the Magician (Demonspawn Venom Mage)         Turns: 7237, Time: 00:10:15

Health: -8/58      AC:  7    Str: 16    XL:     8   Next: 83%
Magic:  3/17       EV: 13    Int: 23    God:    Cheibriados [......]
Gold:   300        SH:  0    Dex: 19    Spells: 3/19 levels left

rFire   . . .        p - +3 spear of Massacring {spect, *Corrode Fly Dex+4}
rCold   . . .        (no shield)
rNeg    . . .        a - +1 robe
rPois   .            (no helmet)
rElec   .            o - +2 cloak
rCorr   .            h - +0 pair of gloves
SInv    .            (no boots)
Will    +....        (no amulet)
Stlth   ++++         k - ring "Efokhipu" {Will+ Str+6 Int+4 Dex-4}
HPRegen 0.29/turn    (no ring)
MPRegen 0.15/turn

%: corrode self (3%)
@: radiating poison, flying, very slow
A: hooves 2, thin skeletal structure 2, ignite blood 1
a: Renounce Religion


You were on level 7 of the Dungeon.
You worshipped Cheibriados.
Cheibriados was noncommittal.
You visited 2 branches of the dungeon, and saw 8 of its levels.

You collected 300 gold pieces.

Inventory:

Hand Weapons
 d - a +0 dagger
 e - a +1 short sword
 n - a +0 trident
 p - the +3 spear of Massacring (weapon) {spect, *Corrode Fly Dex+4}
   (You found it on level 5 of the Dungeon)

   Dex:       It affects your dexterity (+4).
   Fly:       It grants you flight.
   *Corrode:  It may corrode you when you take damage.
Missiles
 s - 5 curare-tipped darts
Armour
 a - a +1 robe (worn)
 h - a +0 pair of gloves (worn)
 i - a scarf of shadows
 o - a +2 cloak (worn)
Jewellery
 k - the ring "Efokhipu" (left hand) {Will+ Str+6 Int+4 Dex-4}
   (You found it on level 4 of the Dungeon)

   [ring of strength]

   Str:       It affects your strength (+6).
   Int:       It affects your intelligence (+4).
   Dex:       It affects your dexterity (-4).
   Will:      It increases your willpower.
 r - a ring of wizardry
Wands
 l - a wand of polymorph (10)
Scrolls
 g - 3 scrolls of identify
 q - a scroll of magic mapping {unknown}
 t - a scroll of torment {unknown}
 u - a scroll of teleportation {unknown}
 v - a scroll of noise {unknown}
Potions
 b - a potion of resistance
 c - 2 potions of cancellation
 f - a potion of ambrosia {unknown}
 j - 6 potions of curing
 m - a potion of degeneration {unknown}
 w - a potion of heal wounds {unknown}
 x - a potion of might {unknown}


   Skills:
 + Level 3.0 Fighting
 + Level 3.3 Dodging
 - Level 1.7 Stealth
 + Level 6.1 Spellcasting
 - Level 0.8 Transmutations
 * Level 3.9 Fire Magic
 * Level 4.0 Air Magic
 - Level 6.0 Poison Magic


You had 3 spell levels left.
You knew the following spells:

 Your Spells              Type           Power      Damage    Failure   Level
a - Sting                 Tmut/Pois      88%        1d7       1%          1
b - Poisonous Vapours     Pois/Air       60%        N/A       1%          2
c - Mephitic Cloud        Conj/Pois/Air  22%        N/A       6%          3
d - Olgreb's Toxic Radia  Pois           34%        N/A       7%          4
e - Plasma Beam           Fire/Air       12%        2x1d26    94%         6

Your spell library contained the following spells:

 Spells                   Type           Power      Damage    Failure   Level
 Static Discharge         Conj/Air       32%        2-4/arc   5%          2
 Sandblast                Erth           14%        2d6       9%          1
 Passwall                 Tmut/Erth      6%         N/A       11%         2
 Vhi's Electric Charge    Tloc/Air       32%        N/A       11%         3
 Hailstorm                Conj/Ice       7%         3d4       26%         3
 Stone Arrow              Conj/Erth      14%        3d7       26%         3
 Airstrike                Air            12%        2d(2-18)  16%         4
 Summon Lightning Spire   Summ/Air       16%        N/A       36%         4
 Ice Form                 Ice/Tmut       8%         N/A       56%         4
 Arcjolt                  Conj/Air       8%         1d18      71%         5
 Simulacrum               Ice/Necr       3%         N/A       100%        6


Dungeon Overview and Level Annotations

Branches:
Dungeon (7/15)             Temple (1/1) D:6

Altars:
Cheibriados
Fedhas
Ru
Xom

Shops:
D:6 =

Annotations:
D:3 Grinder


Innate Abilities, Weirdness & Mutations

You have hoof-like feet.
You have a moderately thin skeletal structure. (Dex +4, Stealth++)
Your demonic aura sometimes causes spilled blood to erupt in flames.


Message History

The orc warrior wields a +0 arbalest.
The orc warrior shoots a bolt.
The bolt hits you!
You take 8 damage, and have 49/57 hp.
The orc warrior shoots a bolt.
The bolt hits you.
You take 1 damage, and have 48/57 hp.
You kill the orc priest!
Cheibriados appreciates the change of pace.
Your Fighting skill increases to level 3!
Your Air Magic skill increases to level 4!
Casting: Olgreb's Toxic Radiance (dangerous; 7% risk of failure)
Confirm with . or Enter, or press ? or * to list all spells.
You begin to radiate toxic energy.
The orc warrior looks even sicker. x2
An orc comes into view. It is wielding a +0 hand axe.
The orc warrior shoots a bolt.
The bolt hits you!!
The orc shouts!
You take 22 damage, and have 27/58 hp.
MASSIVE DAMAGE!!
You now have 6/17 mp.
The orc is poisoned.
The orc warrior shoots a bolt.
The bolt hits you!
* * * LOW HITPOINT WARNING * * *
You take 14 damage, and have 13/58 hp.
MASSIVE DAMAGE!!
Your toxic aura wanes.
An orc comes into view. It is wielding a +0 club.
Casting: Olgreb's Toxic Radiance (dangerous; 7% risk of failure)
Confirm with . or Enter, or press ? or * to list all spells.
You begin to radiate toxic energy.
The orc warrior looks as sick as possible!
You kill the orc!
Cheibriados thoroughly appreciates the change of pace.
The orc shouts!
The orc is poisoned.
The orc warrior looks as sick as possible!
The orc warrior shoots a bolt.
The bolt misses you.
You now have 2/17 mp.
The orc warrior looks as sick as possible!
You kill the orc!
Cheibriados thoroughly appreciates the change of pace.
The orc warrior shoots a bolt.
The bolt hits you!
* * * LOW HITPOINT WARNING * * *
You take 7 damage, and have 6/58 hp.
The orc warrior shoots a bolt.
The bolt hits you!
You die...

..#..
....#.#.#.........#
....#.............#
.)..................
#.)o.....#..####.####
#........#..####...
#...................
#...................
#.......°##.######
.....).<.@..)....
#........########
#........# #........#
##########


You could see an orc warrior (extremely poisoned).

Vanquished Creatures
  A steam dragon (D:6)
  A water moccasin (D:5)
  An ice beast (D:6)
  A sky beast (D:7)
  An ogre (D:6)
  A centaur (D:6)
  2 phantoms
  A bullfrog (D:7)
  A scorpion (D:4)
  6 wights (D:6)
  3 hounds (D:5)
  2 jellies
  3 orc priests
  7 orc wizards
  5 adders
  3 gnolls (D:6)
  A shadow imp (D:6)
  A white imp (D:6)
  2 ufetubi
  A worm (D:2)
  A dart slug (D:1)
  38 orcs
  9 bats
  5 endoplasms
  5 giant cockroaches
  5 hobgoblins
  6 jackals (D:2)
  6 kobolds
  4 quokkas (D:1)
  4 ball pythons
  4 frilled lizards
  5 goblins
  9 rats
145 creatures vanquished.

Notes
Turn   | Place    | Note
-------+----------+-------------------------------------------
     0 | D:1      | jasper the Demonspawn Venom Mage began the quest for the
                  | Orb.
     0 | D:1      | Reached XP level 1. HP: 13/13 MP: 3/3
   155 | D:1      | Gained mutation: You have large cloven feet. [demonic
                  | ancestry]
   155 | D:1      | Reached XP level 2. HP: 17/19 MP: 3/5
   159 | D:1      | Learned a level 2 spell: Poisonous Vapours
   599 | D:1      | Found a faded altar of an unknown god.
   977 | D:1      | Gained mutation: You have a somewhat thin skeletal
                  | structure. (Dex +2, Stealth+) [demonic ancestry]
   977 | D:1      | Reached XP level 3. HP: 24/24 MP: 2/6
   981 | D:1      | Learned a level 3 spell: Mephitic Cloud
  1979 | D:2      | Reached skill level 5 in Poison Magic
  1979 | D:2      | Gained mutation: You have a moderately thin skeletal
                  | structure. (Dex +4, Stealth++) [demonic ancestry]
  1979 | D:2      | Reached XP level 4. HP: 21/30 MP: 2/7
  2802 | D:3      | Noticed Grinder
  2958 | D:4      | HP: 1/30 [orc priest/nerve-wracking pain (12)]
  2964 | D:4      | Gained mutation: You have hoof-like feet. [demonic
                  | ancestry]
  2964 | D:4      | Reached XP level 5. HP: 3/35 MP: 0/8
  3401 | D:4      | Noticed a phantom
  3426 | D:4      | Killed a phantom
  3507 | D:4      | Gained mutation: Your demonic aura sometimes causes spilled
                  | blood to erupt in flames. [demonic ancestry]
  3507 | D:4      | Reached XP level 6. HP: 41/41 MP: 6/11
  3512 | D:4      | Learned a level 4 spell: Olgreb's Toxic Radiance
  3688 | D:4      | Identified the ring "Efokhipu" {Will+ Str+6 Int+4 Dex-4}
  4084 | D:5      | Entered Level 5 of the Dungeon
  4558 | D:5      | Reached skill level 5 in Spellcasting
  4848 | D:5      | Reached XP level 7. HP: 29/46 MP: 10/14
  4855 | D:5      | Learned a level 6 spell: Plasma Beam
  4962 | D:5      | Identified the +3 spear of Massacring {spect, *Corrode Fly
                  | Dex+4}
  5275 | D:5      | Reached skill level 1 in Fire Magic
  5278 | D:5      | Reached skill level 1 in Air Magic
  5547 | D:6      | Reached skill level 1 in Fighting
  5793 | D:6      | Found Acaotsah's Jewellery Shoppe.
  6198 | D:6      | Reached XP level 8. HP: 23/56 MP: 3/16
  6313 | D:6      | Found a staircase to the Ecumenical Temple.
  6347 | Temple   | Entered the Ecumenical Temple
  6470 | Temple   | Became a worshipper of Cheibriados the Contemplative
  7237 | D:7      | Shot with a bolt by an orc warrior

Illustrated notes

Levels and vault maps discovered:
D:1:      dpeg_arrival_erosion, layout_rooms, ebering_ecumenical_altar_ruins
D:2:      layout_basic
D:3:      layout_rooms, serial_rivers, chequers_serial_rivers_micro_a,
          chequers_serial_rivers_micro_c, chequers_serial_rivers_micro_c,
          chequers_serial_rivers_small_b, chequers_serial_rivers_micro_a,
          chequers_serial_rivers_large_a, kennysheep_generic_room_6,
          uniq_grinder
D:4:      layout_loops_ring
D:5:      layout_basic
D:6:      cheibrodos_two_vegetables, layout_loops_ring,
          minmay_temple_entry_hall, serial_glass, glass_columns_a,
          glass_columns_a, serial_shops, nicolae_shop_real_fake_doors
D:7:      minmay_the_grid_square_5x5_3x3 [minmay_the_grid_square_5x5_three,
          minmay_the_grid_square_5x5_inset, minmay_the_grid_square_5x5_inner_v,
          minmay_the_grid_square_5x5_z,
          minmay_the_grid_square_5x5_megaprize_crossed,
          minmay_the_grid_square_5x5_fancy_junction,
          minmay_the_grid_square_5x5_six_small,
          minmay_the_grid_square_5x5_hourglass,
          minmay_the_grid_square_5x5_shrine2], layout_basic, uniq_menkaure
Temple:   nicolae_temple_superstar

Skill      XL: |  1  2  3  4  5  6  7  8 |
---------------+-------------------------+-----
Poison Magic   | 4 5 6 |  6.0
Spellcasting   | 3 5 6 |  6.1
Dodging        | 2 3 |  3.3
Fire Magic     | 2 3 |  3.9
Air Magic      | 2 4 |  4.0
Fighting       | 1 3 |  3.0
Stealth        | |  1.7
Transmutations | |  0.8

Action                     |  1- 3 |  4- 6 |  7- 9 || total
---------------------------+-------+-------+-------++-------
  Melee: Unarmed           |     3 |     2 |    16 ||    21
         Dagger            |     3 |       |       ||     3
         Kick              |     8 |    25 |    14 ||    47
         Short sword       |    17 |    80 |       ||    97
         Trident           |       |     8 |    12 ||    20
         Punch             |       |     1 |     1 ||     2
         Spear             |       |       |    30 ||    30
   Cast: Sting             |    55 |    63 |    40 ||   158
         Poisonous Vapours |    23 |    13 |    10 ||    46
         Olgreb's Toxic Ra |       |     8 |    14 ||    22
         Mephitic Cloud    |       |       |     1 ||     1
  Evoke: Wand              |       |       |     1 ||     1
    Use: Scroll            |     3 |     6 |     1 ||    10
         Potion            |     1 |     2 |     1 ||     4
   Stab: Sleeping          |     2 |     1 |     3 ||     6
 Armour: Robe              |     9 |    25 |    19 ||    53
         Skin              |       |       |    14 ||    14
  Dodge: Dodged            |    35 |    53 |    52 ||   140

Table legend: (Time is in decaauts)
 A = Elapsed time spent in this place.
 B = Non-inter-level travel time spent in this place.
 C = Inter-level travel time spent in this place.
 D = Time resting spent in this place.
 E = Time spent auto-exploring this place.
 F = Levels seen in this place.
 G = Mean time per level.
                   A        B        C        D        E       F      G
               +--------+--------+--------+--------+--------+-----+--------+
         Total |   7339 |   7073 |    266 |    384 |   5601 |   8 |  917.4 |
       Dungeon |   7207 |   6948 |    259 |    384 |   5497 |   7 | 1029.6 |
        Temple |    132 |    125 |      7 |      0 |    104 |   1 |  132.0 |
               +--------+--------+--------+--------+--------+-----+--------+

Top non-repeatable levels by time:
     D:6: 1540 daAuts
     D:2: 1489 daAuts
     D:5: 1432 daAuts
     D:1: 1344 daAuts
     D:4: 1214 daAuts
     D:7: 154 daAuts
  Temple: 132 daAuts
     D:3: 33 daAuts
